AoeStats
← totonois

Arabia

509198447Analyzed
1v1 RM · 7d ago on Sep 25, 2026· 62m 46s· 2 players
Game mode
Random Map
Map size
Tiny (2 player)
Population
200
Speed
Normal
Resources
Standard
Victory
Conquest
Starting age
Dark Age
Ending age
Imperial Age
RankedLock teamsTeams togetherTeam positionsShared explorationLock speedFull tech treeHidden civsTurbo modeCheats
Victory
Defeat
🇨🇱 Hindustanis · Chile
1007
+15
🇨🇴 Bohemians · Colombia
979
-15
Gab.Knt
3:49 Loom
10:35 Feudal Age
11:43 Double-Bit Axe
11:53 Town Watch
12:25 Man-at-Arms
22:07 Castle Age
20:40 Fletching
21:27 Forging
22:42 Long Swordsman
23:31 Thumb Ring
29:05 Stone Mining
31:25 Bodkin Arrow
34:12 Horse Collar
38:34 Heavy Plow
43:06 Imperial Age
41:44 Bow Saw
41:53 Gold Mining
42:20 Fervor
42:40 Scale Mail Armor
43:29 Wheelbarrow
45:38 Town Patrol
48:46 Chemistry
48:08 Ballistics
48:48 Hand Cart
48:59 Two-Handed Swordsman
51:23 Chemistry
52:17 Two-Man Saw
51:42 Sanctity
51:28 Murder Holes
51:44 Siege Engineers
55:01 Illumination
54:52 Block Printing
55:13 Theocracy
55:46 Iron Casting
55:27 Chain Mail Armor
55:19 Scale Barding Armor
58:38 Blast Furnace
60:34 Gold Shaft Mining
59:46 Champion
60:27 Squires
60:49 Masonry
totonois
4:42 Loom
10:31 Feudal Age
11:30 Double-Bit Axe
11:27 Horse Collar
19:39 Fletching
19:49 Padded Archer Armor
24:13 Castle Age
25:11 Scale Barding Armor
25:02 Bodkin Arrow
24:33 Elite Skirmisher
28:53 Town Watch
30:26 Bow Saw
43:06 Imperial Age
44:15 Chain Barding Armor
44:09 Forging
50:15 Conscription
50:52 Bracer
52:31 Scale Mail Armor
53:44 Light Cavalry
54:25 Husbandry
55:38 Iron Casting
57:16 Crossbowman
58:20 Ballistics
58:18 Leather Archer Armor
59:43 Blast Furnace
59:58 Ring Archer Armor
60:00 Arbalester
63:11 Chemistry
Connection lost

Rejoining the realm…

Still unreachable

The connection could not be restored.

Session expired

The server has moved on; the page needs a fresh start.